 Dungeon Crawl Stone Soup version 0.28-a0-653-g7e9dba17c3 (webtiles) character file.

Game seed: 908031175217302440

31257 dragor the Geomancer (level 13, -8/76 HPs)
             Began as a Gargoyle Earth Elementalist on Oct 12, 2021.
             Was an Elder of Vehumet.
             Killed from afar by a gargoyle (19 damage)
             ... with a stone arrow
             ... summoned by a death knight
             ... on level 13 of the Dungeon.
             The game lasted 01:23:21 (30528 turns).

dragor the Geomancer (Gargoyle Earth Elementalist) Turns: 30528, Time: 01:23:22

Health: -8/76      AC: 25    Str: 13    XL:     13   Next: 57%
Magic:  1/34       EV: 13    Int: 30    God:    Vehumet [****..]
Gold:   374        SH:  0    Dex: 10    Spells: 2/28 levels left

rFire   + + .      SeeInvis .   f - +5 dagger of Sihuthea {speed, Int+4}
rCold   + . .      Faith    .   (no shield)
rNeg    + + .      Spirit   .   w - +1 acid dragon scales
rPois   ∞          Reflect  .   (no helmet)
rElec   +          Harm     .   j - scarf {rC+ rF+}
rCorr   +          Rampage  .   x - +2 pair of gloves
Will    +++..      Clarity  +   q - +2 pair of boots
Stlth   ++........              n - amulet of the Four Winds {rN+ Will+++ Clar}
HPRegen 0.22/turn               g - ring of magical power
MPRegen 0.24/turn               d - +6 ring of intelligence

@: hasted, very quick
A: sickness immunity, AC +9, negative energy resistance 1, electricity
resistance, torment resistance 1, petrification resistance, clarity, fire
resistance 1, sturdy frame 1
a: Renounce Religion


You were on level 13 of the Dungeon.
You worshipped Vehumet.
Vehumet was greatly pleased with you.
You visited 3 branches of the dungeon, and saw 15 of its levels.

You collected 836 gold pieces.
You spent 462 gold pieces at shops.

Inventory:

Hand Weapons
 f - the +5 dagger of Sihuthea (weapon) {speed, Int+4}
   (You found it on level 9 of the Dungeon)

   Attacks with this weapon are significantly faster.
   Int:       It affects your intelligence (+4).
Missiles
 c - 605 stones
Armour
 j - a scarf of resistance (worn)
 q - a +2 pair of boots (worn)
 w - +1 acid dragon scales (worn)
 x - a +2 pair of gloves (worn)
Jewellery
 d - a +6 ring of intelligence (right hand)
 g - a ring of magical power (left hand)
 k - a ring of ice
 n - the amulet of the Four Winds (around neck) {rN+ Will+++ Clar}
   (You took it off an orc wizard on level 12 of the Dungeon)

   [amulet of nothing]

   rN:        It protects you from negative energy.
   Clar:      It protects you against confusion.
   Will:      It greatly increases your willpower.
 p - an amulet of regeneration
Wands
 i - a wand of flame (21)
 s - a wand of acid (8)
 y - a wand of iceblast (13)
Scrolls
 e - 3 scrolls of teleportation
 l - 2 scrolls of acquirement
 o - a scroll of fog {unknown}
 r - a scroll of identify
Potions
 a - a potion of mutation
 b - a potion of brilliance
 h - 2 potions of cancellation
 z - 3 potions of curing


   Skills:
 + Level 7.4 Fighting
 + Level 5.1 Short Blades
 - Level 3.1 Staves
 + Level 7.3 Armour
 + Level 5.8 Dodging
 - Level 2.5 Stealth
 + Level 8.4 Spellcasting
 + Level 9.4 Conjurations
 - Level 0.7 Transmutations
 + Level 10.2 Fire Magic
 + Level 11.2 Earth Magic
 - Level 2.8 Evocations


You had 2 spell levels left.
You knew the following spells:

 Your Spells              Type           Power      Damage    Failure   Level
a - Sandblast             Erth           100%       2d20      1%          1
b - Stone Arrow           Conj/Erth      100%       3d13      1%          3
c - Scorch                Fire           100%       2d10      1%          2
d - Iron Shot             Conj/Erth      32%        9d7       2%          6
e - Iskenderun's Battles  Conj           62%        2d11      1%          5
f - Starburst             Conj/Fire      32%        6d10      3%          6
g - Ignite Poison         Fire/Tmut/Pois 34%        N/A       1%          3

Your spell library contained the following spells:

 Spells                   Type           Power      Damage    Failure   Level
 Lee's Rapid Deconstruct  Erth           34%        3d18*     1%          5
 Freeze                   Ice            48%        1d7       1%          1
 Magic Dart               Conj           100%       1d8       1%          1
 Passwall                 Tmut/Erth      40%        N/A       1%          2
 Poisonous Vapours        Pois/Air       24%        N/A       1%          2
 Static Discharge         Conj/Air       41%        N/A       1%          2
 Call Imp                 Summ           12%        N/A       7%          2
 Slow                     Hex            12%        N/A       7%          2
 Mephitic Cloud           Conj/Pois/Air  31%        N/A       1%          3
 Fulminant Prism          Conj/Hex       20%        3d13      1%          4
 Hailstorm                Conj/Ice       41%        3d10      1%          4
 Petrify                  Tmut/Erth      48%        N/A       3%          4
 Frozen Ramparts          Ice            24%        1d4       4%          3
 Leda's Liquefaction      Hex/Erth       23%        N/A       4%          4
 Call Canine Familiar     Summ           12%        N/A       14%         3
 Confusing Touch          Hex            12%        N/A       14%         3
 Gell's Gravitas          Tloc           6%         N/A       14%         3
 Portal Projectile        Hex/Tloc       24%        N/A       14%         3
 Vampiric Draining        Necr           6%         2d6       14%         3
 Summon Ice Beast         Ice/Summ       12%        N/A       41%         4
 Summon Mana Viper        Hex/Summ       12%        N/A       77%         5
 Spellforged Servitor     Conj/Summ      20%        N/A       77%         7
 Monstrous Menagerie      Summ           6%         N/A       100%        7


Dungeon Overview and Level Annotations

Branches:
Dungeon (13/15)            Temple (1/1) D:4            Lair (1/6) D:11
    Orc (0/2) D:12
 Vaults: D:13-14

Altars:
Ashenzari
Cheibriados
Dithmenos
Elyvilon
Fedhas
Gozag
Hepliaklqana
Kikubaaqudgha
Makhleb
Nemelex Xobeh
Okawaru
Qazlal
Ru
Sif Muna
Trog
Uskayaw
Vehumet
Wu Jian
Xom
Yredelemnul
Zin
The Shining One
Beogh
Jiyva

Shops:
D:1 :   D:3 !   D:6 [   D:11 *


Innate Abilities, Weirdness & Mutations

You are immune to sickness and miasma.
Your stone body is resilient. (AC +9)
You are immune to poison.
You resist negative energy. (rN+)
You are resistant to electric shocks. (rElec)
You are resistant to unholy torment.
You are immune to petrification.
You possess an exceptional clarity of mind.
Your flesh is heat resistant. (rF+)
Your movements are slightly less encumbered by armour. (ER -2)


Message History

The vampire mosquito bites you but does no damage.
Unknown command.
Casting: Iron Shot (dangerous; 2% risk of failure)
Confirm with . or Enter, or press ? or * to list all spells.
Casting: Starburst (dangerous; 3% risk of failure)
Press: ? - help, Dir - look around, f - activate The bolt of fire hits the vampire mosquito!!
You destroy the vampire mosquito!
The vampire mosquito's corpse dissolves into shadows!
The bolt of fire hits the gargoyle!!
The gargoyle is almost destroyed.
The bolt of fire hits the vampire mosquito!!
You destroy the vampire mosquito!
The vampire mosquito's corpse dissolves into shadows!
The bolt of fire hits the komodo dragon!!
The komodo dragon is severely wounded.
The bolt of fire misses the vampire mosquito.
The vampire mosquito misses you.
Your battlesphere fires!
The barrage of energy hits the komodo dragon!
You kill the komodo dragon!
The komodo dragon's corpse dissolves into shadows!
Your battlesphere expends the last of its energy and dissipates.
The death knight hits you from afar with a +0 glaive!
The vampire mosquito bites you!
The gargoyle hurls a stone arrow at you.
The stone arrow hits you!
* * * LOW HITPOINT WARNING * * *
Casting: Starburst (dangerous; 3% risk of failure)
Confirm with . or Enter, or press ? or * to list all spells.
You don't have enough magic to cast this spell.
Okay, then.
Okay, then.
You feel yourself speed up.
The vampire mosquito bites you but does no damage.
The death knight barely misses you.
The vampire mosquito bites you but does no damage.
The gargoyle hurls a stone arrow at you.
The stone arrow hits you!!
You die...

##### #...# #...# #...# .
#...# ###########....
#...#### #......@.......
#......# #.#####○y......
#......# #.# #9p..####
#......# #.###############.
#......# #.................
#.....[# #.#.............#
#......# #.#'#.##........#
#....[)###......#........#
#......#.#......###'##+######


You could see a death knight, a vampire mosquito (summoned) and a gargoyle
(summoned).

Vanquished Creatures
  Frances (D:12)
  Fannar (D:12)
  An ogre mage (D:12)
  2 hydras (D:12)
  2 boulder beetles (D:13)
  Erica (D:8)
  A catoblepas (D:12)
  3 two-headed ogres
  2 tengu warriors (D:13)
  The ghost of AttackTheMoon the Blocker, a novice FoFi of Okawaru (D:8)
  3 death yaks (D:11)
  Urug (D:11)
  A shock serpent (shapeshifter) (D:9)
  Sonja (D:10)
  A deep elf zephyrmancer (D:7)
  4 cyclopes
  A manticore (D:10)
  An ugly thing (D:12)
  Joseph (D:8)
  Maurice (D:10)
  A black mamba (Lair:1)
  3 cane toads (Lair:1)
  2 kobold demonologists (D:12)
  2 unseen horrors
  2 komodo dragons
  A tengu conjurer (D:13)
  2 trolls
  5 blink frogs (Lair:1)
  2 shadows
  4 wraiths
  15 yaks
  2 basilisks
  7 vampire mosquitoes
  An acid dragon (D:8)
  5 water moccasins
  A swamp drake (D:12)
  2 sky beasts (D:7)
  9 orc warriors
  5 ogres
  7 centaurs
  A phantom (D:4)
  7 kobold brigands
  A gnoll sergeant (D:7)
  An earth elemental (D:11)
  4 bullfrogs
  2 wyvern zombies (D:8)
  A scorpion (D:5)
  A water moccasin zombie (D:5)
  A wyvern skeleton (D:7)
  4 wights
  11 killer bees
  4 howler monkeys
  4 centaur zombies
  Crazy Yiuf (D:6)
  A hound (D:5)
  6 jellies
  A bullfrog skeleton (D:6)
  3 gnoll shamans
  9 orc priests
  An iguana (D:3)
  9 orc wizards
  A killer bee zombie (D:9)
  24 gnolls
  10 adders
  An adder skeleton (D:4)
  4 worms
  3 dart slugs
  60 orcs
  8 bats
  6 endoplasms
  6 giant cockroaches
  9 goblins
  4 hobgoblins
  8 jackals
  4 quokkas
  5 ball pythons
  3 frilled lizards
  33 kobolds
  7 rats
377 creatures vanquished.

Vanquished Creatures (others)
  A centaur zombie (D:9)
  An orc (D:12)
  8 fungi
  37 plants
47 creatures vanquished.

Grand Total: 424 creatures vanquished

Notes
Turn   | Place    | Note
-------+----------+-------------------------------------------
     0 | D:1      | dragor the Gargoyle Earth Elementalist began the quest for
                  | the Orb.
     0 | D:1      | Reached XP level 1. HP: 10/10 MP: 3/3
   711 | D:1      | Found Ewum's Book Shop.
   858 | D:1      | Reached XP level 2. HP: 11/15 MP: 3/5
  1458 | D:1      | Reached skill level 4 in Earth Magic
  2443 | D:1      | Reached XP level 3. HP: 18/19 MP: 6/6
  2451 | D:1      | Learned a level 3 spell: Stone Arrow
  2849 | D:2      | Gained mutation: You are agile. (Dex +2) [potion of
                  | mutation]
  3382 | D:2      | Reached skill level 1 in Conjurations
  3554 | D:2      | Reached XP level 4. HP: 19/24 MP: 4/8
  3850 | D:2      | Found a stormy altar of Qazlal.
  4021 | D:2      | Found a faded altar of an unknown god.
  4021 | D:2      | Noticed a hellion
  4968 | D:3      | Lost mutation: You are agile. (Dex +2) [potion of mutation]
  4968 | D:3      | Gained mutation: Your flesh is heat resistant. (rF+)
                  | [potion of mutation]
  4968 | D:3      | Gained mutation: Your movements are slightly less
                  | encumbered by armour. (ER -2) [potion of mutation]
  4968 | D:3      | Gained mutation: You possess an exceptional clarity of
                  | mind. [potion of mutation]
  5260 | D:3      | Reached skill level 5 in Earth Magic
  5260 | D:3      | Reached XP level 5. HP: 21/28 MP: 4/9
  5786 | D:3      | Found Zoyroom's Distillery.
  6045 | D:4      | Noticed a phantom
  6067 | D:4      | Killed a phantom
  6068 | D:4      | Reached skill level 1 in Fire Magic
  6068 | D:4      | Reached XP level 6. HP: 27/32 MP: 2/11
  6363 | D:4      | Found a staircase to the Ecumenical Temple.
  6392 | Temple   | Entered the Ecumenical Temple
  6769 | Temple   | Became a worshipper of Vehumet
  7132 | D:4      | Identified the +3 ring mail "Xoxkiz" {rElec}
  7853 | D:5      | Entered Level 5 of the Dungeon
  7853 | D:5      | Noticed an orc warrior
  7941 | D:5      | Killed an orc warrior
  7942 | D:5      | Reached skill level 6 in Earth Magic
  7942 | D:5      | Reached XP level 7. HP: 36/36 MP: 5/13
  8070 | D:5      | Reached * piety under Vehumet
  8070 | D:5      | Offered knowledge of Freeze by Vehumet.
  8964 | D:5      | Reached XP level 8. HP: 41/41 MP: 11/14
  9486 | D:5      | Reached skill level 5 in Spellcasting
  9486 | D:5      | Reached skill level 7 in Earth Magic
  9494 | D:5      | Reached ** piety under Vehumet
  9494 | D:5      | Offered knowledge of Scorch by Vehumet.
  9768 | D:5      | Learned a level 2 spell: Scorch
 10189 | D:6      | Reached skill level 5 in Conjurations
 11411 | D:6      | Found Ycvaj's Armour Emporium.
 11821 | D:6      | Offered knowledge of Poisonous Vapours by Vehumet.
 12098 | D:6      | Found a runed translucent door.
 12099 | D:6      | Noticed Crazy Yiuf
 12104 | D:6      | Killed Crazy Yiuf
 12465 | D:7      | Reached XP level 9. HP: 31/46 MP: 9/17
 12875 | D:7      | Reached skill level 1 in Fighting
 12875 | D:7      | Reached skill level 1 in Armour
 13066 | D:7      | Reached skill level 1 in Staves
 13074 | D:7      | Reached skill level 1 in Evocations
 13418 | D:7      | Reached skill level 5 in Fire Magic
 13552 | D:7      | Learned a level 2 spell: Poisonous Vapours
 13779 | D:7      | Noticed a deep elf zephyrmancer
 13785 | D:7      | Killed a deep elf zephyrmancer
 13786 | D:7      | Reached skill level 8 in Earth Magic
 14129 | D:8      | Reached *** piety under Vehumet
 14429 | D:8      | Noticed Joseph
 14438 | D:8      | Offered knowledge of Ignite Poison by Vehumet.
 14439 | D:8      | Reached XP level 10. HP: 45/54 MP: 1/19
 14461 | D:8      | Killed Joseph
 14872 | D:8      | Noticed Erica
 14879 | D:8      | Killed Erica
 14893 | D:8      | Learned a level 3 spell: Ignite Poison
 15141 | D:8      | Found a viscous altar of Jiyva.
 15265 | D:8      | Found a runed translucent gate.
 15265 | D:8      | Found a runed translucent gate.
 15265 | D:8      | Found a runed translucent gate.
 15265 | D:8      | Noticed AttackTheMoon's ghost (novice FoFi)
 15267 | D:8      | Found a basalt altar of Yredelemnul.
 15784 | D:8      | Killed AttackTheMoon's ghost
 16507 | D:9      | Identified the +5 dagger of Sihuthea {speed, Int+4}
 17317 | D:9      | Reached skill level 1 in Short Blades
 17340 | D:9      | Reached skill level 9 in Earth Magic
 17622 | D:9      | Noticed a salamander
 17975 | D:9      | Noticed a two-headed ogre
 17982 | D:9      | Killed a two-headed ogre
 17983 | D:9      | Reached XP level 11. HP: 61/61 MP: 10/21
 18184 | D:9      | Noticed a cyclops
 18194 | D:9      | Killed a cyclops
 18297 | D:9      | Noticed a shock serpent
 18301 | D:9      | Killed a shock serpent
 18764 | D:10     | Entered Level 10 of the Dungeon
 18998 | D:10     | Noticed Sonja
 19006 | D:10     | Killed Sonja
 19309 | D:10     | Reached **** piety under Vehumet
 19969 | D:10     | Noticed a manticore
 19972 | D:10     | Killed a manticore
 20270 | D:10     | Noticed Maurice
 20277 | D:10     | Killed Maurice
 20481 | D:10     | Identified a scroll of acquirement
 20481 | D:10     | Acquired dragor's Collected Works on Displaced Conjuration
 20492 | D:10     | Learned a level 6 spell: Starburst
 20518 | D:11     | Found Mymuhapo's Pet Rocks.
 20538 | D:11     | Reached skill level 5 in Fighting
 20862 | D:11     | Noticed a cyclops
 20869 | D:11     | Killed a cyclops
 20870 | D:11     | Reached skill level 5 in Armour
 21044 | D:11     | Noticed Urug
 21052 | D:11     | Killed Urug
 21285 | D:11     | Found a staircase to the Lair.
 21285 | D:11     | Noticed a death yak
 21286 | D:11     | Noticed a death yak
 21299 | D:11     | Noticed a death yak
 21360 | D:11     | Killed a death yak
 21623 | D:11     | Offered knowledge of Sticky Flame by Vehumet.
 22187 | D:11     | Killed a death yak
 22188 | D:11     | Reached XP level 12. HP: 62/68 MP: 11/23
 22188 | D:11     | Killed a death yak
 22189 | D:11     | Reached skill level 10 in Earth Magic
 22670 | D:11     | Noticed a two-headed ogre
 22674 | D:11     | Killed a two-headed ogre
 23983 | D:1      | Bought a book of Power for 462 gold pieces
 23990 | D:1      | Learned a level 6 spell: Iron Shot
 23996 | D:1      | Learned a level 5 spell: Iskenderun's Battlesphere
 24166 | Lair:1   | Entered Level 1 of the Lair of Beasts
 24978 | Lair:1   | Reached skill level 5 in Dodging
 24979 | Lair:1   | Reached ***** piety under Vehumet
 24979 | Lair:1   | Offered knowledge of Lee's Rapid Deconstruction by Vehumet.
 27043 | D:12     | Found a transporter.
 27075 | D:12     | Noticed Frances
 27075 | D:12     | Noticed a four-headed hydra
 27079 | D:12     | Killed a four-headed hydra
 27082 | D:12     | Noticed a sun demon
 27084 | D:12     | Killed Frances
 27231 | D:12     | Noticed Fannar
 27255 | D:12     | Killed Fannar
 27256 | D:12     | Reached XP level 13. HP: 53/76 MP: 2/25
 27328 | D:12     | Found a staircase to the Orcish Mines.
 28173 | D:12     | Found a transporter.
 28565 | D:12     | Reached skill level 11 in Earth Magic
 29175 | D:12     | Reached skill level 10 in Fire Magic
 29289 | D:12     | Paralysed by something for 2 turns
 29898 | D:13     | Reached skill level 5 in Short Blades
 30528 | D:13     | Killed from afar by a gargoyle

Illustrated notes

Levels and vault maps discovered:
D:1:      psy_arrival_radial02, layout_basic, serial_shops, shop_statue,
          st_stairs_7, amcnicky_mini_pool_small, minmay_misc_feat_five
D:2:      layout_basic, basic_altar, dreamdust_ecumenical_altar_sealed_demon
D:3:      layout_loops_corners, serial_shops, nicolae_square_shop,
          minmay_randomly_rotated_circles
D:4:      layout_loops_cross, minmay_temple_entry_mist
D:5:      kennysheep_kobold_camp, layout_loops_ring, minmay_small_thing
D:6:      layout_rooms, serial_shops, shop, uniq_crazy_yiuf_cottage
D:7:      layout_rooms, guppyfry_early_elven_hall
D:8:      layout_loops_ring, nicolae_yredelemnul_ghost_church, jiyva_altar_1,
          uniq_erica, uniq_joseph
D:9:      cheibrodos_barr_body, layout_stronghold
D:10:     layout_loops_ring, minmay_statues_item, uniq_maurice, uniq_sonja
D:11:     layout_roguey, dpeg_lair_monsters, guppyfry_shop_earth, uniq_urug
D:12:     gammafunk_beogh_shrine, layout_rooms, erik_orc_1, uniq_frances,
          uniq_fannar
D:13:     layout_basic
Temple:   kilobyte_greek_temple
Lair:1:   layout_roguey, lemuel_fruit_tree

Skill      XL: |  1  2  3  4  5  6  7  8  9 10 11 12 13 |
---------------+----------------------------------------+-----
Earth Magic    | 4 5 6 7 8 9 10 11 | 11.2
Conjurations   | 1 2 3 4 5 6 7 8 9 |  9.4
Spellcasting   | 3 4 5 6 7 8 |  8.4
Fire Magic     | 1 2 3 4 5 7 8 9 10 | 10.2
Fighting       | 2 4 5 6 7 |  7.4
Armour         | 2 4 5 6 7 |  7.3
Staves         | 2 3 |  3.1
Evocations     | 2 |  2.8
Dodging        | 2 3 4 5 |  5.8
Short Blades   | 1 3 4 5 |  5.1
Stealth        | |  2.5
Transmutations | |  0.7

Action                   |  1- 3 |  4- 6 |  7- 9 | 10-12 | 13-15 || total
-------------------------+-------+-------+-------+-------+-------++-------
Melee: Unarmed           |   110 |       |       |       |       ||   110
       Dagger            |    39 |       |       |   577 |   182 ||   798
       Spear             |       |   136 |       |       |       ||   136
       Staff             |       |   147 |   660 |    80 |       ||   887
 Cast: Sandblast         |    26 |    31 |     8 |    23 |     9 ||    97
       Stone Arrow       |       |     2 |    33 |    48 |    15 ||    98
       Scorch            |       |       |    81 |   106 |    19 ||   206
       Poisonous Vapours |       |       |       |     3 |       ||     3
       Ignite Poison     |       |       |       |     1 |       ||     1
       Starburst         |       |       |       |    15 |    12 ||    27
       Iron Shot         |       |       |       |    21 |    14 ||    35
       Iskenderun's Batt |       |       |       |     9 |     5 ||    14
  Use: Scroll            |     1 |     8 |     3 |     8 |       ||    20
       Potion            |     1 |     7 |       |     7 |     1 ||    16
 Stab: Sleeping          |     4 |    12 |     2 |     1 |       ||    19
Armor: Robe              |    68 |   110 |   402 |   113 |       ||   693
       Acid dragon scale |       |       |       |   147 |   113 ||   260
Dodge: Dodged            |   133 |   166 |   576 |   419 |   103 ||  1397

Table legend: (Time is in decaauts)
 A = Elapsed time spent in this place.
 B = Non-inter-level travel time spent in this place.
 C = Inter-level travel time spent in this place.
 D = Time resting spent in this place.
 E = Time spent auto-exploring this place.
 F = Levels seen in this place.
 G = Mean time per level.
                   A        B        C        D        E       F      G
               +--------+--------+--------+--------+--------+-----+--------+
         Total |  30430 |  28905 |   1525 |  17543 |   7390 |  15 | 2028.7 |
       Dungeon |  26905 |  25478 |   1427 |  14916 |   6799 |  13 | 2069.6 |
        Temple |    691 |    649 |     42 |    564 |     38 |   1 |  691.0 |
          Lair |   2833 |   2777 |     56 |   2063 |    553 |   1 | 2833.0 |
               +--------+--------+--------+--------+--------+-----+--------+

Top non-repeatable levels by time:
     D:1: 3476 daAuts
    D:11: 3214 daAuts
  Lair:1: 2833 daAuts
    D:12: 2489 daAuts
     D:5: 2377 daAuts
     D:8: 2296 daAuts
     D:6: 2263 daAuts
     D:9: 2253 daAuts
     D:7: 1753 daAuts
    D:10: 1723 daAuts
     D:2: 1601 daAuts
     D:4: 1415 daAuts
     D:3: 1138 daAuts
    D:13: 900 daAuts
  Temple: 691 daAuts
